woodfighter, neutral female human Healer ---------------- ------- #####...............| --......## |.............*| #.......| --------------- |...>..........-## ----- #|......-# |.............| ------.--------- # |...| #|......|# |.............-# ## ### |...| #|.....--# |.........)...|# # # |...| #------- # ----.----------# ### ###|...| ## # ## # # #....| # ### # # ### ----- # # ### # # --------# ### # ### ####### |(?@!..-# # # # -.----------- |)!mf@.| ###--.--- ##.*.......<..| |![[)..| #.....| |...........| -------- |....| |...........| |....| ------------- ------ woodfighter the Empiric Experience level: 3 Strength: 12 Dexterity: 12 Constitution: 12 Intelligence: 10 Wisdom: 14 Charisma: 16 Health: 0(26) Energy: 0(26) Def: 2 Gold: 1540 Moves: 1174 Dungeon seed: CUVbGL-GVdvI9Mp0 Game ID: woodfighter_1505311770 Your Inventory: Coins $ - 1540 gold pieces Weapons a - a +0 scalpel (weapon in hand) A - 6 +0 darts Armor e - an uncursed +1 pair of leather gloves (being worn) Comestibles k - 6 blessed eucalyptus leaves l - a blessed sprig of wolfsbane m - a blessed clove of garlic o - 5 uncursed apples q - an uncursed magic beans s - 3 uncursed food rations t - 2 uncursed lichen corpses w - an uncursed banana Scrolls u - an uncursed scroll of teleportation y - an uncursed scroll of stinking cloud z - an uncursed scroll of identify B - an uncursed scroll of scare monster Spellbooks h - a blessed spellbook of healing i - a blessed spellbook of extra healing j - a blessed spellbook of stone to flesh Potions c - 2 uncursed potions of healing d - 2 blessed potions of healing f - 4 uncursed potions of extra healing p - a cursed potion of levitation r - an uncursed potion of object detection Rings v - an uncursed +1 ring of increase damage Wands g - a wand of sleep (0:7) C - a wand of polymorph (0:8) Tools b - an uncursed stethoscope Spells and supernatural/magical abilities: Name Level Category Fail Memory h - healing 1 healing 0% 95% x - extra healing 3 healing 27% 95% S - stone to flesh 3 healing 41% 95% W - pray for help -- divine ? -- Your skills at the end: Miscellaneous Skills wands [Basic] Weapon Skills knife [Basic] Spellcasting Skills healing spells [Basic] Final Attributes: You were devoutly aligned. You were poison resistant. You were stealthy. You were held by a giant mimic. You are dead. Vanquished creatures: a kobold lord 2 hobbits a gecko 3 jackals 6 newts a goblin 4 sewer rats 6 grid bugs 3 lichens a kobold zombie 28 creatures vanquished. Voluntary challenges: You did not adorn yourself with jewelry or accessories. You did not cause conflict. You were not invisible. You did not have reflection. You were not displaced. You used a wielded weapon 63 times, starting on turn 1. You did not use containers. You did not apply a unicorn horn. You did not use plumbed fixtures. You did not drink any magical draughts. You were illiterate. You never genocided any monsters. You never polymorphed an object. You never changed form. You used no wishes. You never split a pudding. You never wrote Elbereth's name. You never violated your personal moral code. Dungeon overview: The Dungeons of Doom: levels 1 to 4 Level 1 (box) an altar to Athena, a fountain a long staircase Level 2 an altar to Poseidon, a fountain Level 3 <- You were here a general store Level 4 History has recorded: On T:1 you entered the Dungeons of Doom to retrieve the Amulet of Yendor! On T:23 you reached level 2 of The Dungeons of Doom. On T:335 you advanced to experience level 2. On T:522 you reached level 3 of The Dungeons of Doom. On T:781 you advanced to experience level 3. On T:912 you reached level 4 of The Dungeons of Doom. Score breakdown: Gold: 91 ( 9 points) Experience: 3 levels ( 200 points) Exploration: 4 levels ( 90 points) Discoveries: 8 items ( 400 points) Variety of kills: 10 monsters ( 500 points) Major goal: (nothing yet) ( 0 points) Survival: died (score multiplied by 3) Total score: 3597 Latest messages: You slash the giant mimic. The giant mimic is moderately wounded. The giant mimic claws you! (2x) You feel better. You slash the giant mimic. The giant mimic is moderately wounded. Kitty moves only reluctantly. You hack the giant mimic. The giant mimic is moderately wounded. You slash the giant mimic. The giant mimic is moderately wounded. The giant mimic claws you! (2x) You feel better. (2x) You slash the giant mimic. The giant mimic is heavily wounded. Status of the giant mimic (neutral): Level 8 HP 12(37) Def 3, holding you. You hack the giant mimic. The giant mimic is heavily wounded. The giant mimic claws you! (2x) You die... Kabalebo gratefully inherits all your possessions. Final status: Goodbye woodfighter the Healer, killed by a giant mimic... You died in The Dungeons of Doom on dungeon level 3 with 3597 points, and 1540 pieces of gold, after 1174 moves. You were level 3 with a maximum of 26 hit points when you died.